 Dungeon Crawl Stone Soup version 0.30-a0-568-g124715a40b (webtiles) character file.

Game seed: 13789752123475996898

480 bmack86 the Chopper (level 6, -2/56 HPs)
             Began as a Minotaur Fighter on Dec 29, 2022.
             Slain by an ogre
             ... wielding a +0 giant club
              (8 damage)
             ... on level 5 of the Dungeon.
             The game lasted 00:10:18 (3256 turns).

bmack86 the Chopper (Minotaur Fighter)              Turns: 3256, Time: 00:10:19

Health: -2/56      AC: 11    Str: 22    XL:     6   Next: 86%
Magic:  5/5        EV:  7    Int:  5    God:
Gold:   185        SH: 10    Dex: 10    Spells: 5/5 levels left

rFire   . . .      SeeInvis .    a - +1 war axe
rCold   . . .      Faith    .    c - +0 buckler
rNeg    . . .      Spirit   .    f - +0 chain mail
rPois   .          Reflect  +    (helmet restricted)
rElec   .          Harm     .    q - +0 cloak
rCorr   .          Rampage  .    (no gloves)
Will    .....                    (no boots) Stlth
                                 p - amulet of reflection
HPRegen 0.29/turn                h - ring of flight
MPRegen 0.09/turn                (no ring)

@: flying, hasted, very quick
A: horns 2, retaliatory headbutt
a: no special abilities


You were on level 5 of the Dungeon.
You visited 1 branch of the dungeon, and saw 5 of its levels.

You collected 185 gold pieces.

Inventory:

Hand Weapons
 a - a +1 war axe (weapon)
 t - the +11 sling of the Spectre {heavy, rElec rN+ Stlth+}
   (You found it on level 4 of the Dungeon)

   Any ammunition fired from it deals dramatically more damage, but attacks with
   it are much slower.
   rElec:     It insulates you from electricity.
   rN:        It protects you from negative energy.
   Stlth:     It makes you more stealthy.
Missiles
 e - 15 poisoned darts
 g - 5 datura-tipped darts
 l - 6 javelins (quivered)
Armour
 b - a +0 scale mail
 c - a +0 buckler (worn)
 f - a +0 chain mail (worn)
 q - a +0 cloak (worn)
Jewellery
 h - a ring of flight (left hand)
 i - an amulet of guardian spirit
 p - an amulet of reflection (around neck)
Scrolls
 n - a scroll of silence {unknown}
 o - 2 scrolls of teleportation
 r - a scroll of fog
Potions
 d - 2 potions of might
 k - 4 potions of curing
 m - a potion of attraction
 s - a potion of haste
 u - a potion of magic {unknown}
 v - a potion of resistance {unknown}


   Skills:
 + Level 5.0 Fighting
 * Level 5.5 Axes
 + Level 2.6 Throwing
 + Level 5.0 Armour
 + Level 5.0 Shields


You had 5 spell levels left.
You didn't know any spells.
Your spell library contained the following spells:

 Spells                   Type           Power      Damage    Failure   Level
 Sandblast                Erth           0%         2d4       99%         1
 Passwall                 Tmut/Erth      0%         N/A       100%        2
 Stone Arrow              Conj/Erth      0%         3d7       100%        3


Dungeon Overview and Level Annotations

Branches:
Dungeon (5/15)
 Temple: D:4-7

Altars:
Ashenzari
Dithmenos
Fedhas
Hepliaklqana
Qazlal
Vehumet
Wu Jian

Shops:
D:1 :

Annotations:
D:5 Pikel


Innate Abilities, Weirdness & Mutations

You have a pair of horns on your head.
You reflexively headbutt those who attack you in melee.


Message History

You block the lemure's attack. The lemure barely misses you.
You furiously retaliate!
You headbutt the lemure. You closely miss the lemure.
The lemure is heavily wounded.
You block the lemure's attack.
You miss the lemure. Your headbutt misses the lemure.
The lemure is heavily wounded.
The lemure hits you but does no damage.
An ogre comes into view. It is wielding a +0 giant club.
You closely miss the lemure.
The ogre shouts!
Your headbutt misses the lemure.
The lemure is heavily wounded.
The lemure hits you. x2
You hit the lemure. You headbutt the lemure.
The lemure is almost dead.
The lemure hits you!
You miss the lemure. You headbutt the lemure.
The lemure is almost dead.
You block the lemure's attack.
You barely miss the lemure. Your headbutt misses the lemure.
The lemure is almost dead.
You block the lemure's attack.
You closely miss the lemure. Your headbutt misses the lemure.
The lemure is almost dead.
The lemure hits you but does no damage. x2; The ogre barely misses you.
You furiously retaliate!
You headbutt the ogre! The lemure attacks as you move away!
The lemure hits you but does no damage.
You closely miss the lemure. Your headbutt misses the lemure.
The lemure is almost dead.
You block the lemure's attack. You block the ogre's attack.
You hit the lemure.
You kill the lemure!
That felt strangely unrewarding.
You barely miss the ogre. You slash the ogre!
The ogre is severely wounded.
The ogre hits you with a +0 giant club!
* * * LOW HITPOINT WARNING * * *
You feel yourself speed up. The ogre hits you with a +0 giant club!
You die...

#................
#................
#...............#
####...#.........
##.††.........
###..........
#..........
#O.$....^.
#@......$.
#......#.##.
##.........
...#.......
#..>#....##.
#...#......
#.......... .....
.....


You could see an ogre.

Vanquished Creatures
  3 lemures (D:5)
  A phantom (D:3)
  A necrophage (D:4)
  A scorpion (D:5)
  A howler monkey (D:5)
  A gnoll bouda (D:5)
  An orc priest (D:4)
  An iguana (D:4)
  5 adders
  An ufetubus (D:4)
  4 worms
  3 dart slugs
  4 orcs
  6 bats
  8 endoplasms
  12 goblins
  10 hobgoblins
  3 jackals (D:1)
  3 quokkas
  11 ball pythons
  3 frilled lizards
  5 kobolds
  8 rats
96 creatures vanquished.

Notes
Turn   | Place    | Note
-------+----------+-------------------------------------------
     0 | D:1      | bmack86 the Minotaur Fighter began the quest for the Orb.
     0 | D:1      | Reached XP level 1. HP: 19/19 MP: 0/0
    30 | D:1      | Found Apacvae's Book Shop.
    89 | D:1      | Reached XP level 2. HP: 24/27 MP: 1/1
   156 | D:1      | You fall into a shaft and drop 1 floor!
   190 | D:2      | Identified the +6 sling "Vux Fari" {freeze, rF++ Str+4
                  | Stlth+}
   311 | D:2      | Reached skill level 1 in Throwing
   311 | D:2      | Reached XP level 3. HP: 33/33 MP: 2/2
  1219 | D:2      | Reached XP level 4. HP: 39/40 MP: 3/3
  1834 | D:3      | Found a hazy altar of Hepliaklqana.
  1990 | D:3      | Noticed a phantom
  2000 | D:3      | Killed a phantom
  2001 | D:3      | Reached XP level 5. HP: 45/47 MP: 4/4
  2669 | D:4      | Reached XP level 6. HP: 43/53 MP: 5/5
  2784 | D:4      | Identified the +11 sling of the Spectre {heavy, rElec rN+
                  | Stlth+}
  2826 | D:4      | Reached skill level 5 in Axes
  2856 | D:4      | Found a radiant altar of Vehumet.
  2860 | D:4      | Found a blossoming altar of Fedhas.
  2861 | D:4      | Found a stormy altar of Qazlal.
  2862 | D:4      | Found an ornate altar of the Wu Jian Council.
  3089 | D:4      | Found a shadowy altar of Dithmenos.
  3090 | D:4      | Found a broken altar of Ashenzari.
  3138 | D:5      | Entered Level 5 of the Dungeon
  3222 | D:5      | Noticed Pikel
  3235 | D:5      | Reached skill level 5 in Fighting
  3235 | D:5      | Reached skill level 5 in Armour
  3235 | D:5      | Reached skill level 5 in Shields
  3256 | D:5      | Slain by an ogre

Illustrated notes

Levels and vault maps discovered:
D:1:      elethiomel_arrival_shortcut, layout_loops_ring, serial_shops,
          shop_fountains
D:2:      layout_loops_ring, minmay_close_crescents
D:3:      layout_loops_corners, general_overflow_altar
D:4:      layout_rooms, mainiacjoe_overflow_divided_tiny,
          mainiacjoe_overflow_alcove_3
D:5:      layout_cave_pools, serial_gnoll_camp, gnoll_camp_mini_hut,
          gnoll_camp_huts_basic, gnoll_camp_mini_loothouse,
          gnoll_camp_mini_house, gnoll_camp_mini_hut, uniq_pikel

Skill      XL: |  1  2  3  4  5  6 |
---------------+-------------------+-----
Axes           | 3 4 5 |  5.5
Throwing       | 1 2 |  2.6
Fighting       | 4 5 |  5.0
Armour         | 4 5 |  5.0
Shields        | 4 5 |  5.0

Action                   |  1- 3 |  4- 6 || total
-------------------------+-------+-------++-------
Melee: War axe           |    96 |   122 ||   218
       Headbutt          |     9 |    23 ||    32
Throw: Dart              |     1 |       ||     1
       Javelin           |       |     1 ||     1
  Use: Scroll            |     4 |     6 ||    10
       Potion            |       |     1 ||     1
Armor: Scale mail        |    35 |       ||    35
       Chain mail        |    30 |    72 ||   102
Dodge: Dodged            |    48 |    48 ||    96
Block: Buckler           |    19 |    71 ||    90
       Reflection        |       |     4 ||     4

Table legend: (Time is in decaauts)
 A = Elapsed time spent in this place.
 B = Non-inter-level travel time spent in this place.
 C = Inter-level travel time spent in this place.
 D = Time resting spent in this place.
 E = Time spent auto-exploring this place.
 F = Levels seen in this place.
 G = Mean time per level.
                   A        B        C        D        E       F      G
               +--------+--------+--------+--------+--------+-----+--------+
         Total |   3332 |   3290 |     42 |    143 |   1678 |   5 |  666.4 |
       Dungeon |   3332 |   3290 |     42 |    143 |   1678 |   5 |  666.4 |
               +--------+--------+--------+--------+--------+-----+--------+

Top non-repeatable levels by time:
     D:3: 943 daAuts
     D:2: 851 daAuts
     D:4: 723 daAuts
     D:1: 688 daAuts
     D:5: 125 daAuts
